 Dungeon Crawl Stone Soup version 0.31-a0-165-g3f4f80340b (webtiles) character file.

Game seed: 17591149517227217743

361 qw the Chopper (level 6, -4/38 HPs)
             Began as a Gargoyle Fighter on June 13, 2023.
             Slain by an ogre
             ... wielding a +0 giant club
              (16 damage)
             ... on level 4 of the Dungeon.
             The game lasted 00:00:58 (2334 turns).

qw the Chopper (Gargoyle Fighter)                   Turns: 2334, Time: 00:00:58

Health: -4/38      AC: 14    Str: 21    XL:     6   Next: 66%
Magic:  6/6        EV:  5    Int:  9    God:
Gold:   199        SH: 11    Dex:  9    Spells: 5/5 levels left

rFire   . . .        Y - +3 war axe
rCold   . . .        k - +0 tower shield
rNeg    + . .        j - +0 chain mail
rPois   inf          e - +0 helmet
rElec   +            (no cloak)
rCorr   .            (no gloves)
SInv    .            (no boots)
Will    .....        (no amulet) Stlth
                     (no ring)
HPRegen 0.26/turn    (no ring)
MPRegen 0.10/turn

%: no passive effects
@: no status effects
A: sickness immunity, AC +4, negative energy resistance 1, electricity
resistance, torment resistance 1, petrification resistance
a: no special abilities


You were on level 4 of the Dungeon.
You visited 1 branch of the dungeon, and saw 4 of its levels.

You collected 199 gold pieces.


Innate Abilities, Weirdness & Mutations

You are immune to sickness and miasma.
Your stone body is resilient. (AC +4)
You are immune to poison.
You resist negative energy. (rN+)
You are resistant to electric shocks. (rElec)
You are resistant to unholy torment.
You are immune to petrification.


   Skills:
 - Level 4.0 Fighting
 - Level 5.5 Axes
 - Level 1.1 Throwing
 - Level 3.2 Armour
 - Level 1.0 Dodging
 + Level 3.4 Shields


You had 5 spell levels left.
You didn't know any spells.
Your spell library was empty.

Inventory:

Hand Weapons
 l - a +0 flail
 Y - a +3 war axe (weapon)
Missiles
 h - 4 boomerangs
 n - a javelin (quivered)
Armour
 e - a +0 helmet (worn)
 j - a +0 chain mail (worn)
 k - a +0 tower shield (worn)
Scrolls
 m - a scroll of identify
Potions
 d - a potion of might
 f - a potion of haste
 g - a potion of curing
 i - a potion of attraction

Dungeon Overview and Level Annotations

Branches:
Dungeon (4/15)
 Temple: D:4-7

Altars:
Ru
Xom

Annotations:
D:2 1 runed translucent door, Crazy Yiuf


Message History

2221 ||| DROPPING potion of degeneration.
You drop a potion of degeneration.
Done exploring.
2222 ||| DROPPING potion of ambrosia.
You drop a potion of ambrosia.
Done exploring.
(D) Dungeon
Where to? (* - list waypoints, Enter - D:3, ? - help)
What level of the Dungeon? (default 1, ? - help)
Your extra speed is starting to run out.
Things that are here:
a +0 short sword; a kobold corpse You feel yourself slow down.
There is an open door here.
There is an open door here.
There is a stone staircase leading down here.
You climb downwards.
There is a stone staircase leading up here.
Waypoint 3 assigned to D:4.
You now have 199 gold pieces (gained 11).
An adder comes into view.
The adder hisses angrily.
You throw a javelin. The javelin pierces through the adder!
You kill the adder!
n - 2 javelins (gained 1) As you open the door, it creaks loudly!
An ogre comes into view. It is wielding a +0 giant club.
The ogre shouts!
Found 10 gold pieces.
You throw a javelin. The javelin closely misses the ogre.
The ogre hits you with a +0 giant club!!
Ouch! That really hurt!
You completely miss the ogre. You block the ogre's attack.
You slash the ogre!
The ogre is heavily wounded.
The ogre hits you with a +0 giant club!
You barely miss the ogre.
The ogre is heavily wounded.
The ogre hits you with a +0 giant club!
You die...

#####. #.(.$#
#....# #....#
#.... ... #O#
#@# #.#
.#######.# #.#
.........# #.#
########.# #.#
#.##########.#
#.........##.#
#########.##.#
#.##.#


You could see an ogre.

Vanquished Creatures
  Sigmund (D:2)
  An ogre (D:3)
  4 gnolls (D:2)
  3 adders
  5 orcs (D:3)
  5 ball pythons
  3 bats
  4 endoplasms
  2 giant cockroaches (D:1)
  3 goblins
  5 hobgoblins
  4 jackals (D:1)
  13 kobolds
  A quokka (D:1)
  4 frilled lizards
  2 rats
60 creatures vanquished.

Notes
Turn   | Place    | Note
-------+----------+-------------------------------------------
     0 | D:1      | qw the Gargoyle Fighter began the quest for the Orb.
     0 | D:1      | Reached XP level 1. HP: 14/14 MP: 1/1
     0 | D:1      | 0 ||| qw: Version: 0.2-a-29-gc1b59c4
     0 | D:1      | 0 ||| qw: Game counter: 4645
     0 | D:1      | 0 ||| qw: Always use a shield: true
     0 | D:1      | 0 ||| qw: God list: Okawaru
     0 | D:1      | 0 ||| qw: Allow faded altars: false
     0 | D:1      | 0 ||| qw: Do Orc after D:15 true
     0 | D:1      | 0 ||| qw: Do second Lair branch before Depths: true
     0 | D:1      | 0 ||| qw: Lair rune preference: random
     0 | D:1      | 0 ||| qw: Plans: Normal, Zot:1-4, Slime:5, God:TSO, Crypt,
                  | Tomb, Abyss, Pan, Hells, Win
     0 | D:1      | 0 ||| PLANNING D:1-11
    47 | D:1      | Reached skill level 2 in Axes
    76 | D:1      | 76 ||| Stepping ~*~*~tactically~*~*~ (stealth).
   119 | D:1      | 119 ||| Stepping ~*~*~tactically~*~*~ (stealth).
   124 | D:1      | Reached XP level 2. HP: 19/19 MP: 2/2
   306 | D:1      | Reached skill level 3 in Axes
   479 | D:1      | Reached XP level 3. HP: 23/23 MP: 3/3
   480 | D:1      | 480 ||| Stepping ~*~*~tactically~*~*~ (stealth).
   481 | D:1      | 481 ||| Stepping ~*~*~tactically~*~*~ (stealth).
   595 | D:1      | 595 ||| UPGRADING to +0 helmet.
   600 | D:1      | 600 ||| READING scroll labelled ACIJ CU ECWY.
   601 | D:1      | 601 ||| READING scroll labelled YQOBUILEITT.
   646 | D:2      | Reached skill level 1 in Throwing
   740 | D:2      | Found a shimmering altar of Xom.
   747 | D:2      | Noticed Sigmund
   748 | D:2      | 748 ||| Stepping ~*~*~tactically~*~*~ (hiding).
   749 | D:2      | 749 ||| Stepping ~*~*~tactically~*~*~ (hiding).
   750 | D:2      | 750 ||| Stepping ~*~*~tactically~*~*~ (hiding).
   751 | D:2      | 751 ||| Stepping ~*~*~tactically~*~*~ (hiding).
   761 | D:2      | Killed Sigmund
   762 | D:2      | Reached skill level 5 in Axes
   762 | D:2      | Reached XP level 4. HP: 28/28 MP: 4/4
   762 | D:2      | Reached XP level 5. HP: 32/32 MP: 5/5
   781 | D:2      | 781 ||| READING scroll of enchant weapon.
   781 | D:2      | 781 ||| ENCHANTING +1 war axe.
   883 | D:2      | 883 ||| Stepping ~*~*~tactically~*~*~ (hiding).
  1072 | D:2      | Reached XP level 6. HP: 36/38 MP: 6/6
  1095 | D:2      | 1095 ||| READING scroll of enchant weapon.
  1095 | D:2      | 1095 ||| ENCHANTING +2 war axe.
  1366 | D:2      | 1366 ||| Stepping ~*~*~tactically~*~*~ (hiding).
  1368 | D:2      | 1368 ||| Stepping ~*~*~tactically~*~*~ (hiding).
  1408 | D:2      | Found a runed translucent door.
  1409 | D:2      | Noticed Crazy Yiuf
  1463 | D:2      | 1463 ||| READING scroll labelled ZOONU NOOXUY.
  1464 | D:2      | 1464 ||| READING 3 scrolls labelled HOHOHI GIDDEK.
  1465 | D:2      | 1465 ||| READING scroll labelled UMAVUCKUAPS.
  1487 | D:2      | 1487 ||| DRINKING 2 lumpy silvery potions.
  1488 | D:2      | 1488 ||| DROPPING 2 scrolls of poison.
  1640 | D:3      | 1640 ||| DROPPING +0 whip.
  1650 | D:3      | 1650 ||| DROPPING +0 mace.
  1720 | D:3      | 1720 ||| Stepping ~*~*~tactically~*~*~ (stealth).
  1725 | D:3      | Reached skill level 1 in Dodging
  2092 | D:3      | Found a sacrificial altar of Ru.
  2195 | D:3      | 2195 ||| UPGRADING to +0 chain mail.
  2205 | D:3      | 2205 ||| DROPPING +0 scale mail.
  2206 | D:3      | 2206 ||| UPGRADING to +0 tower shield.
  2216 | D:3      | 2216 ||| DROPPING +0 buckler.
  2217 | D:3      | 2217 ||| DRINKING 2 pink potions.
  2218 | D:3      | 2218 ||| READING 4 scrolls of identify.
  2218 | D:3      | 2218 ||| IDENTIFYING green potion
  2219 | D:3      | 2219 ||| READING 3 scrolls of identify.
  2219 | D:3      | 2219 ||| IDENTIFYING fuming cyan potion
  2220 | D:3      | 2220 ||| READING 2 scrolls of identify.
  2220 | D:3      | 2220 ||| IDENTIFYING brown potion
  2221 | D:3      | 2221 ||| DROPPING potion of degeneration.
  2222 | D:3      | 2222 ||| DROPPING potion of ambrosia.
  2334 | D:4      | Slain by an ogre

Levels and vault maps discovered:
D:1:      dpeg_arrival_rooms_b, layout_rooms, nrook_uturn
D:2:      layout_basic, basic_altar, serial_forest,
          infiniplex_forest_clump_curved, infiniplex_forest_fountain,
          infiniplex_forest_diagonal, infiniplex_forest_clump_large,
          infiniplex_forest_corner_1, infiniplex_forest_lined_room_2,
          infiniplex_forest_clump_long, infiniplex_forest_straight_1,
          nicolae_grassy_gnolls, uniq_sigmund, uniq_crazy_yiuf_cottage
D:3:      layout_loops_ring, hangedman_ru_absence
D:4:      layout_basic, uniq_robin

Skill      XL: |  1  2  3  4  5  6 |
---------------+-------------------+-----
Axes           | 2 3 5 |  5.5
Throwing       | 1 |  1.1
Fighting       | 4 |  4.0
Dodging        | 1 |  1.0
Armour         | |  3.2
Shields        | |  3.4

Action                     |  1- 3 |  4- 6 || total
---------------------------+-------+-------++-------
  Melee: War axe           |    36 |    62 ||    98
  Throw: Javelin           |    35 |    25 ||    60
         Boomerang         |     8 |    13 ||    21
    Use: Scroll            |     2 |     8 ||    10
         Potion            |       |     2 ||     2
 Armour: Scale mail        |    15 |    32 ||    47
  Dodge: Dodged            |    19 |    29 ||    48
  Block: Buckler           |     8 |     7 ||    15
         Tower shield      |       |     1 ||     1

Table legend:
 A = Non-vault XP
 B = Vault XP
 C = Vault XP percentage of total XP
 D = Non-vault monster count
 E = Vault monster count
 F = Vault count percentage of total count
                 A         B        C        D         E       F
            +---------+---------+-------+---------+---------+-------
      Total |     247 |     270 |  52.2 |      55 |       5 |   8.3
            +---------+---------+-------+---------+---------+-------
        D:1 |      37 |       0 |   0.0 |      21 |       0 |   0.0
        D:2 |      32 |     270 |  89.4 |      12 |       5 |  29.4
        D:3 |     165 |       0 |   0.0 |      21 |       0 |   0.0
        D:4 |      13 |       0 |   0.0 |       1 |       0 |   0.0
            +---------+---------+-------+---------+---------+-------
